 Dungeon Crawl Stone Soup version 0.24.0-125-gc4c63601f3 (webtiles) character file.

Game seed: 3564971368137183227, levelgen mode: deterministic

17 lepoulpe303 the Grave Robber (level 2, -3/22 HPs)
             Began as a Deep Dwarf Necromancer on Mar 7, 2020.
             Killed from afar by Sigmund (9 damage)
             ... with a puff of flame
             ... on level 1 of the Dungeon.
             The game lasted 00:06:04 (809 turns).

lepoulpe303 the Grave Robber (DDNe)                  Turns: 809, Time: 00:06:05

Health: -3/22      AC:  2    Str: 11    XL:     2   Next: 44%
Magic:  4/5        EV: 13    Int: 15    God:
Gold:   38         SH:  0    Dex: 13    Spells: 3/5 levels left

rFire    . . .     SeeInvis .   a - +0 short sword
rCold    . . .     Gourm    .   (no shield)
rNeg     . . .     Faith    .   h - +0 robe
rPois    .         Spirit   .   (no helmet)
rElec    .         Reflect  .   (no cloak)
rCorr    .         Harm     .   (no gloves)
MR       .....                  (no boots)
Stlth    +.........             (no amulet)
HPRegen  0.00/turn              (no ring)
MPRegen  0.09/turn              (no ring)

@: confused, non-regenerating
A: damage resistance, heal wounds, sense surroundings 1, no regeneration
a: Heal Wounds


You were on level 1 of the Dungeon.
You were not hungry.

You visited 1 branch of the dungeon, and saw 2 of its levels.

You collected 38 gold pieces.

Inventory:

Hand Weapons
 a - a +0 short sword (weapon)
Missiles
 j - 15 poisoned darts
Armour
 h - a +0 robe (worn)
Scrolls
 f - a scroll of remove curse {unknown}
 g - a scroll of amnesia {unknown}
Potions
 c - a potion of might {unknown}
 i - a potion of flight {unknown}
Comestibles
 d - 4 chunks of flesh
 e - 2 rations


   Skills:
 + Level 2.5 Dodging
 + Level 2.9 Stealth
 + Level 2.0 Spellcasting
 + Level 4.6 Necromancy


You had 3 spell levels left.
You knew the following spells:

 Your Spells              Type           Power        Failure   Level  Hunger
a - Pain                  Necr           ###.         3%          1    #......
A - Animate Skeleton      Necr           N/A          3%          1    #......

Your spell library contained the following spells:

 Spells                   Type           Power        Failure   Level  Hunger
 Vampiric Draining        Necr           ###.......   10%         3    ###....
 Animate Dead             Necr           N/A          32%         4    #####..
 Regeneration             Chrm/Necr      Unusable     N/A         3    N/A

Dungeon Overview and Level Annotations

Branches:
Dungeon (2/15)

Altars:

Annotations:
D:1 Sigmund


Innate Abilities, Weirdness & Mutations

You are resistant to damage.
You can heal yourself by infusing magical energy.
You passively map a small area around you.
You do not regenerate.


Message History

You throw a boomerang of dispersal {=f}.
The boomerang of dispersal {=f} barely misses Sigmund.
Throwing (i - inventory)
b - a boomerang of dispersal (quivered)
{=f}
Aim: Sigmund, wielding a -3 scythe and wearing a +0 robe (lightly wounded)
You throw a boomerang of dispersal {=f}.
The boomerang of dispersal {=f} hits Sigmund.
Sigmund blinks!
Sigmund says, "Don't worry, I'll kill you fast."
Sigmund closely misses you.
Aim: Sigmund, wielding a -3 scythe and wearing a +0 robe (lightly wounded, chance to defeat MR: 80%) Sigmund writhes in agony.
Sigmund points at you and mumbles some strange words.
You are confused.
You now have 4/5 mp.
Sigmund gestures at you while chanting. The puff of flame misses you.
Sigmund says, "Your kind have come here before.
I understand now why.
You desire death..."
Sigmund casts a spell at you. The puff of flame hits you!
You die...

....PPPPP..#####.#.......#.#
PPPP..PPP......#.#Z##..#.#.#
...PPP.PP......#.#.##..#.#.#
PPP.PP.PP......#.#Z###.#.#.#
P.PP.PP.P...Z..#.#Z#.....#.#
.P.PP.P.P##..###(#.#######.#
PPP.P.P.....♣P≈≈♣ #..#


You could see Sigmund.

Levels and vault maps discovered:
D:1:      roderic_crop_circles_arrival_small, layout_basic,
          serial_bayou_crossing
D:2:      layout_basic, grunt_qazlal_sundering, uniq_sigmund, uniq_robin,
          uniq_jessica

Notes
Turn   | Place    | Note
-------+----------+-------------------------------------------
     0 | D:1      | lepoulpe303 the Deep Dwarf Necromancer began the quest for
                  | the Orb.
     0 | D:1      | Reached XP level 1. HP: 15/15 MP: 3/3
    45 | D:1      | Identified a +0 dagger
   135 | D:1      | Reached skill level 2 in Spellcasting
   135 | D:1      | Reached XP level 2. HP: 10/22 MP: 0/5
   138 | D:1      | Learned a level 1 spell: Animate Skeleton
   246 | D:1      | Identified a +0 short sword
   423 | D:1      | Identified a +0 club
   492 | D:1      | Identified a +0 short sword
   787 | D:2      | Identified a cursed -3 scythe
   787 | D:2      | Identified a +0 robe
   787 | D:2      | Noticed Sigmund
   809 | D:1      | Killed from afar by Sigmund

Table legend:
 A = Turns spent in this place as a percentage of turns spent in the entire game.
 B = Non-inter-level travel turns spent in this place as a percentage of non-inter-level travel turns spent in the entire game.
 C = Inter-level travel turns spent in this place as a percentage of turns spent in this place.
 D = Turns resting spent in this place as a percentage of non-inter-level travel turns spent in this place.
 E = Turns spent auto-exploring this place as a percentage of non-inter-level travel turns spent in this place.
 F = Non-inter-level travel turns spent in this place divided by the number of levels of this place that you've seen.
                   A       B       C       D       E      F
               +-------+-------+-------+-------+-------+----------------------
         Total | 100.0 | 100.0 |   7.4 |   8.3 |  62.9 | 374.5
       Dungeon | 100.0 | 100.0 |   7.4 |   8.3 |  62.9 | 374.5
               +-------+-------+-------+-------+-------+----------------------

Table legend:
 A = Kills in this place as a percentage of kills in entire the game.
 B = Kills by you in this place as a percentage of kills by you in the entire game.
 C = Kills by friends in this place as a percentage of kills by friends in the entire game.
 D = Other kills in this place as a percentage of other kills in the entire game.
 E = Experience gained in this place as a percentage of experience gained in the entire game.
 F = Experience gained in this place divided by the number of levels of this place that you have seen.
                   A       B       C       D       E      F
               +-------+-------+-------+-------+-------+----------------------
         Total | 100.0 | 100.0 |   N/A |   N/A | 100.0 |  12.5
       Dungeon | 100.0 | 100.0 |   N/A |   N/A | 100.0 |  12.5
               +-------+-------+-------+-------+-------+----------------------

Skill      XL: |  1 |
---------------+----+-----
Spellcasting   | 2 |  2.0
Dodging        | |  2.5
Stealth        | |  2.9
Necromancy     | |  4.6

Action                   || total
-------------------------++-------
Melee: Dagger            ||     2
       Short sword       ||    15
Throw: Boomerang         ||     5
 Cast: Pain              ||    12
       Animate Skeleton  ||     6
 Stab: Sleeping          ||     5
Armor: Robe              ||     2
Dodge: Dodged            ||    21

Vanquished Creatures
  An ooze (D:1)
  3 goblins (D:1)
  A hobgoblin (D:1)
  3 kobolds (D:1)
  A bat (D:1)
  2 frilled lizards (D:1)
  3 rats (D:1)
14 creatures vanquished.
